 Dungeon Crawl Stone Soup version 0.25.1-8-g42b30a86e7 (webtiles) character file.

Game seed: 14578509293299538746

968 ika404 the Cutter (level 7, -7/51 (52) HPs)
             Began as a Vampire Gladiator on Dec 11, 2020.
             Was a Follower of Makhleb.
             Mangled by a thrashing horror (12 damage)
             ... on level 1 of the Abyss.
             The game lasted 00:29:46 (5716 turns).

ika404 the Cutter (Vampire Gladiator)               Turns: 5716, Time: 00:29:47

HP:   -7/51 (52)    AC: 12    Str: 14    XL:     7   Next: 93%
MP:   7/7           EV:  8    Int: 12    God:    Makhleb [*.....]
Gold: 189           SH:  0    Dex: 15    Spells: 6/6 levels left

rFire    + . .     SeeInvis +   a - +0 rapier
rCold    . . .     Gourm    .   (no shield)
rNeg     . . .     Faith    .   l - +0 chain mail {MR+}
rPois    .         Spirit   .   c - +0 helmet
rElec    .         Reflect  .   (no cloak)
rCorr    .         Harm     .   e - +1 pair of gloves
MR       +....                  (no boots)
Stlth    ..........             (no amulet)
HPRegen  0.37/turn              p - ring of protection from fire
MPRegen  0.10/turn              (no ring)

@: very slightly contaminated, regenerating quickly
A: no food, fangs 3, see invisible, unbreathing
a: Exsanguinate, Renounce Religion


You were on level 1 of the Abyss.
You worshipped Makhleb.
Makhleb was aware of your devotion.
You were alive.

You visited 2 branches of the dungeon, and saw 6 of its levels.
You visited the Abyss 1 time.
You also visited: Sewer.

You collected 189 gold pieces.

Inventory:

Hand Weapons
 a - a +0 rapier (weapon)
Missiles
 d - 3 throwing nets (quivered)
Armour
 b - a +0 leather armour
 c - a +0 helmet (worn)
 e - a +1 pair of gloves (worn)
 j - a +0 leather armour
 k - a +0 ring mail
 l - a +0 chain mail of magic resistance (worn)
 t - a +3 scale mail of positive energy
Jewellery
 p - a ring of protection from fire (left hand)
 u - an uncursed amulet of guardian spirit {unknown}
 w - an uncursed amulet of regeneration {unknown}
Wands
 s - a wand of acid (11)
Scrolls
 g - 2 scrolls of identify
 i - 3 scrolls of enchant weapon {unknown}
 m - 2 scrolls of magic mapping
 o - 3 scrolls of fear {unknown}
 r - 2 scrolls of blinking
 v - a scroll of enchant armour {unknown}
Potions
 f - 2 potions of curing {unknown}
 h - 2 potions of cancellation {unknown}
 n - a potion of ambrosia
 q - 2 potions of flight
 x - a potion of invisibility {unknown}
 z - a potion of might {unknown}
 A - a potion of brilliance {unknown}
 B - a potion of heal wounds {unknown}
 C - 3 potions of magic {unknown}


   Skills:
 + Level 3.3 Fighting
 + Level 7.5 Short Blades
 - Level 1.7 Throwing
 + Level 2.9 Armour
 + Level 4.7 Dodging
 * Level 4.4 Stealth


You had 6 spell levels left.
You didn't know any spells.
Your spell library was empty.

Dungeon Overview and Level Annotations

Branches:
Dungeon (5/15)             Temple (1/1) D:4           Sewer (visited)

Altars:
Ashenzari
Cheibriados
Elyvilon
Fedhas
Gozag
Hepliaklqana
Kikubaaqudgha
Makhleb
Nemelex Xobeh
Okawaru
Qazlal
Sif Muna
Trog
Uskayaw
Wu Jian
Yredelemnul
Zin
The Shining One

Annotations:
D:2 Terence


Innate Abilities, Weirdness & Mutations

You do not eat.
Your natural rate of healing is unusually fast.
You have razor-sharp teeth.
You have supernaturally acute eyesight. (SInv)
You can survive without breathing.


Message History

You stumble backwards!
Found a stone.
The thrashing horror roars!
The thrashing horror closely misses you.
The thrashing horror tramples you but does no damage.
The thrashing horror roars!
The thrashing horror tramples you.
* * * LOW HITPOINT WARNING * * *
You hold your ground!
The thrashing horror tramples you but does no damage.
A worldbinder comes into view.
The thrashing horror roars!
The thrashing horror completely misses you.
The thrashing horror tramples you.
* * * LOW HITPOINT WARNING * * *
You hold your ground!
The worldbinder calls forth creatures from the Elven Halls!
The thrashing horror roars!
The thrashing horror tramples you!
You die...

.E....#....!(..#####
##.X##...###......###
%..........!(.. ....#
## .X.ยง...(###.##...
...........((..X#.#
###...#.(.###....## #
#.#. .#)...#X.#
#.#w#.#.#...#.eX#
..#. .#....##.@#x#
.######.#..# ##.###
#) #.#### #.. #...
.##.. # #.# ##


You could see 3 thrashing horrors and a deep elf mage (summoned).

Vanquished Creatures
  A yak (D:5)
  Edmund (D:5)
  A centaur (D:2)
  A necrophage (D:4)
  A bullfrog (D:3)
  3 orc wizards (D:4)
  An orc priest (D:3)
  2 hounds (D:4)
  An iguana (D:4)
  A worker ant (D:3)
  4 gnolls
  3 river rats (Sewer)
  6 adders
  An adder skeleton (D:4)
  A worm (D:5)
  6 dart slugs
  2 leopard geckos
  8 orcs
  2 ball pythons
  9 giant cockroaches
  5 goblins
  10 hobgoblins
  6 jackals (D:3)
  9 kobolds
  A quokka (D:2)
  4 bats
  20 frilled lizards
  A leopard gecko skeleton (D:4)
  23 rats
134 creatures vanquished.

Notes
Turn   | Place    | Note
-------+----------+-------------------------------------------
     0 | D:1      | ika404 the Vampire Gladiator began the quest for the Orb.
     0 | D:1      | Reached XP level 1. HP: 16/16 MP: 1/1
   129 | D:1      | Reached XP level 2. HP: 21/22 MP: 2/2
   755 | D:1      | Reached skill level 4 in Short Blades
   755 | D:1      | Reached XP level 3. HP: 27/27 MP: 3/3
  1281 | D:2      | Reached XP level 4. HP: 22/33 MP: 4/4
  1400 | D:2      | Noticed a centaur
  1405 | D:2      | Noticed Terence
  1412 | D:2      | Killed a centaur
  1412 | D:2      | Reached skill level 5 in Short Blades
  1412 | D:2      | Reached skill level 1 in Armour
  1412 | D:2      | Reached XP level 5. HP: 15/38 MP: 5/5
  2332 | D:3      | Reached skill level 1 in Stealth
  2332 | D:3      | Reached XP level 6. HP: 17/46 MP: 6/6
  3175 | D:3      | Reached skill level 6 in Short Blades
  3239 | D:3      | Found a blossoming altar of Fedhas.
  3708 | D:4      | Found a staircase to the Ecumenical Temple.
  3747 | D:4      | Reached XP level 7. HP: 38/51 MP: 7/7
  3850 | Temple   | Entered the Ecumenical Temple
  4112 | Temple   | Became a worshipper of Makhleb the Destroyer
  4379 | D:4      | Found a stormy altar of Qazlal.
  4601 | D:5      | Entered Level 5 of the Dungeon
  4641 | D:5      | Found a glowing drain.
  4685 | Sewer    | Entered a sewer
  4884 | Sewer    | Reached * piety under Makhleb
  5173 | D:5      | Noticed Edmund
  5228 | D:5      | Killed Edmund
  5228 | D:5      | Reached skill level 7 in Short Blades
  5350 | D:5      | Noticed a yak
  5350 | D:5      | Noticed a yak
  5351 | D:5      | Noticed a yak
  5353 | D:5      | Noticed a yak
  5363 | D:5      | Killed a yak
  5680 | D:5      | Cast into level 1 of the Abyss (orc priest)
  5684 | Abyss:1  | Noticed a thrashing horror
  5691 | Abyss:1  | Noticed a thrashing horror
  5704 | Abyss:1  | Noticed a tyrant leech
  5704 | Abyss:1  | Noticed a tyrant leech
  5710 | Abyss:1  | Noticed a tyrant leech
  5711 | Abyss:1  | Noticed a thrashing horror
  5714 | Abyss:1  | Noticed a worldbinder
  5716 | Abyss:1  | Noticed a deep elf mage
  5716 | Abyss:1  | Mangled by a thrashing horror

Illustrated notes

Levels and vault maps discovered:
D:1:      dpeg_arrival_triangle_fractal, layout_loops_corners,
          chequers_big_river, minmay_strange_pillars
D:2:      layout_basic, first_ration, uniq_terence
D:3:      layout_basic, lemuel_doored_altar, chequers_avenue
D:4:      layout_loops_cross, nicolae_qazlal_eye_of_the_storm,
          minmay_temple_entry_glassed_door, minmay_strange_pillars
D:5:      layout_basic, lemuel_round_altar, portal_sewer_entry_a, uniq_edmund
Temple:   regret_index_temple_sphere_string
Abyss:1:  base: D:9, base: D:5, hangedman_stitches_earthworm

Skill      XL: |  1  2  3  4  5  6  7 |
---------------+----------------------+-----
Short Blades   | 4 5 6 7 |  7.5
Fighting       | 2 3 |  3.3
Armour         | 1 2 |  2.9
Dodging        | 4 |  4.7
Stealth        | 1 2 4 |  4.4
Throwing       | |  1.7

Action                   |  1- 3 |  4- 6 |  7- 9 || total
-------------------------+-------+-------+-------++-------
Melee: Rapier            |   126 |   245 |   191 ||   562
       Bite              |    15 |    18 |    17 ||    50
  Use: Scroll            |       |     6 |     1 ||     7
 Stab: Sleeping          |     1 |     2 |       ||     3
Armor: Leather armour    |    40 |    39 |       ||    79
       Chain mail        |       |    29 |    98 ||   127
Dodge: Dodged            |    65 |   134 |    65 ||   264
